 Dungeon Crawl Stone Soup version 0.28-a0-750-g7c675f85b1 (webtiles) character file.

Game seed: 12797174030453954829

195 ytrimaz the Conjurer (level 5, -8/31 HPs)
             Began as an Octopode Conjurer on Oct 30, 2021.
             Mangled by an ogre (24 damage)
             ... on level 3 of the Dungeon.
             The game lasted 00:08:55 (4179 turns).

ytrimaz the Conjurer (Octopode Conjurer)            Turns: 4179, Time: 00:08:56

Health: -8/31      AC:  1    Str:  6    XL:     5   Next: 74%
Magic:  2/9        EV: 13    Int: 22    God:
Gold:   128        SH:  0    Dex: 10    Spells: 3/10 levels left

rFire   . . .      SeeInvis .   c - +0 dagger
rCold   . . .      Faith    .   (no shield)
rNeg    . . .      Spirit   .   (helmet restricted)
rPois   .          Reflect  .   (no amulet)
rElec   .          Harm     .   (no ring)
rCorr   .          Rampage  .   (no ring)
Will    .....                   (no ring)
Stlth   +++.......              (no ring)
HPRegen 0.10/turn               (no ring)
MPRegen 0.11/turn               (no ring)
                                (no ring)
                                (no ring)

@: no status effects
A: almost no armour, amphibious, 8 rings, camouflage 1, gelatinous body 1,
(nimble swimmer 1), tentacles
a: no special abilities


You were on level 3 of the Dungeon.
You visited 1 branch of the dungeon, and saw 3 of its levels.
You also visited: Sewer.

You collected 128 gold pieces.

Inventory:

Hand Weapons
 c - a +0 dagger (weapon)
Potions
 a - 3 potions of flight
 b - a potion of curing
 d - a potion of lignification {unknown}


   Skills:
 + Level 0.2 Short Blades
 - Level 2.0 Dodging
 - Level 2.6 Stealth
 + Level 3.3 Spellcasting
 + Level 6.0 Conjurations


You had 3 spell levels left.
You knew the following spells:

 Your Spells              Type           Power      Damage    Failure   Level
a - Magic Dart            Conj           100%       1d8       1%          1
b - Searing Ray           Conj           60%        2d6       1%          2
c - Iskenderun's Mystic   Conj/Tloc      17%        2d5       34%         4

Your spell library contained the following spells:

 Spells                   Type           Power      Damage    Failure   Level
 Dazzling Flash           Conj/Hex       34%        N/A       11%         3
 Fulminant Prism          Conj/Hex       8%         3d7       34%         4


Dungeon Overview and Level Annotations

Branches:
Dungeon (2/15)              Sewer (visited)

Altars:


Innate Abilities, Weirdness & Mutations

You cannot wear most types of armour.
You are amphibious.
You can wear up to eight rings at the same time.
Your skin changes colour to match your surroundings (Stealth+).
Your rubbery body absorbs attacks. (AC +1, EV +1)
((You are camouflaged near water. (Stealth+)))
You have tentacles for arms and can constrict up to eight enemies at once.


Message History

Nothing appears to happen.
The magic dart hits the endoplasm.
The endoplasm is lightly wounded.
The endoplasm quivers.
The magic dart hits the endoplasm.
The endoplasm is almost dead.
The magic dart hits the endoplasm.
You kill the endoplasm!
Your magical contamination has completely faded away.
You now have 128 gold pieces (gained 12).
A bat and an ogre come into view.
There are monsters nearby!
There are monsters nearby!
The magic dart hits the ogre.
The ogre is lightly wounded.
The ogre shouts!
The magic dart hits the bat.
You kill the bat!
The magic dart hits the ogre.
The ogre is moderately wounded.
The magic dart hits the ogre.
The ogre is moderately wounded.
The magic dart hits the ogre.
The ogre is heavily wounded.
The magic dart hits the ogre.
The ogre is heavily wounded.
The ogre hits you with a +0 giant club!
Ouch! That really hurt!
You are too injured to fight recklessly!
Casting: Magic Dart (safe; 1% risk of failure)
Confirm with . or Enter, or press ? or * to list all spells.
Aiming: Searing Ray (safe; 1% risk of failure)
Press: ? - help, Shift-Dir - straight line, f/p - ogre
Aim: an ogre, wielding a +0 giant club (heavily wounded, 90% to hit)
The searing ray hits the ogre!
The ogre is almost dead. (Press . to maintain the ray.)
The ogre hits you with a +0 giant club!!
Ouch! That really hurt!
You die...

#.# #........# #.##..## #.#
#...†....# #......#
##.########........# #####.##
...................# #.#
#........#.........# #.#
#........#.........# #.#
#........#.........# #.#
#........#......O..# #.#
#........#......@..##### #.#
#........#.............# #.#
#........#############.#######.##
#........# #..........#
#........# ############
#........# ##'####### #.# #.#


You could see an ogre.

Vanquished Creatures
  Pargi (Sewer)
  2 adders
  A worm (D:2)
  2 dart slugs
  2 orcs
  6 endoplasms
  5 giant cockroaches
  5 goblins
  9 hobgoblins
  5 quokkas
  5 ball pythons
  8 bats
  6 frilled lizards
  8 kobolds
  5 rats
70 creatures vanquished.

Notes
Turn   | Place    | Note
-------+----------+-------------------------------------------
     0 | D:1      | ytrimaz the Octopode Conjurer began the quest for the Orb.
     0 | D:1      | Reached XP level 1. HP: 11/11 MP: 3/3
   384 | D:1      | Reached XP level 2. HP: 3/17 MP: 1/5
  1415 | D:1      | Reached XP level 3. HP: 21/21 MP: 3/6
  1575 | D:1      | Found a faded altar of an unknown god.
  1880 | D:2      | Reached skill level 5 in Conjurations
  2343 | D:2      | Reached XP level 4. HP: 27/27 MP: 0/7
  2725 | D:2      | You fall into a shaft and drop 1 floor!
  2892 | D:3      | Found a glowing drain.
  2971 | Sewer    | Entered a sewer
  3160 | Sewer    | Noticed Pargi
  3241 | Sewer    | Learned a level 2 spell: Searing Ray
  3553 | Sewer    | Learned a level 4 spell: Iskenderun's Mystic Blast
  3703 | Sewer    | Killed Pargi
  3704 | Sewer    | Reached XP level 5. HP: 31/31 MP: 0/9
  3925 | D:3      | Reached skill level 6 in Conjurations
  4168 | D:3      | Noticed an ogre
  4179 | D:3      | Mangled by an ogre

Illustrated notes

Levels and vault maps discovered:
D:1:      wander_arrival_fairy_ring, layout_rooms,
          hellmonk_ecumenical_altar_arch_garden, st_stairs_5,
          minmay_misc_feat_ornament
D:2:      layout_basic, minmay_box_of_dots, uniq_crazy_yiuf_cottage
D:3:      layout_basic, gup_sewer_entry_pipe

Skill      XL: |  1  2  3  4  5 |
---------------+----------------+-----
Conjurations   | 5 6 |  6.0
Spellcasting   | 3 |  3.3
Short Blades   | |  0.2
Dodging        | |  2.0
Stealth        | |  2.6

Action                   |  1- 3 |  4- 6 || total
-------------------------+-------+-------++-------
Melee: Unarmed           |    25 |       ||    25
       Constrict         |     9 |     4 ||    13
       Tentacles         |     5 |     3 ||     8
       Dagger            |     5 |    22 ||    27
 Cast: Magic Dart        |    65 |    68 ||   133
       Searing Ray       |       |     8 ||     8
       Iskenderun's Myst |       |     1 ||     1
  Use: Scroll            |     1 |     2 ||     3
       Potion            |       |     4 ||     4
 Stab: Sleeping          |       |     1 ||     1
Armor: Skin              |     4 |       ||     4
Dodge: Dodged            |    21 |    21 ||    42

Table legend: (Time is in decaauts)
 A = Elapsed time spent in this place.
 B = Non-inter-level travel time spent in this place.
 C = Inter-level travel time spent in this place.
 D = Time resting spent in this place.
 E = Time spent auto-exploring this place.
 F = Levels seen in this place.
 G = Mean time per level.
                   A        B        C        D        E       F      G
               +--------+--------+--------+--------+--------+-----+--------+
         Total |   4159 |   4114 |     45 |    925 |   2048 |   4 | 1039.8 |
       Dungeon |   3431 |   3386 |     45 |    913 |   1988 |   3 | 1143.7 |
         Sewer |    727 |    727 |      0 |     12 |     60 |   1 |  727.0 |
               +--------+--------+--------+--------+--------+-----+--------+

Top non-repeatable levels by time:
     D:1: 1768 daAuts
     D:2: 955 daAuts
   Sewer: 727 daAuts
     D:3: 707 daAuts
